 Dungeon Crawl Stone Soup version 0.14-a0-2939-ge0b1554 (webtiles) character file.

905 Quh the Archer (level 7, -4/48 HPs)
             Began as a Demonspawn Hunter on Mar 3, 2014.
             Splashed by a jelly's acid (10 damage)
             ... on Level 5 of the Dungeon.
             The game lasted 00:25:21 (6706 turns).

Quh the Archer (Demonspawn Hunter)                  Turns: 6706, Time: 00:25:21

HP  -4/48        AC  6     Str 13      XL: 7   Next: 41%
MP   0/7         EV 11     Int 14      God:
Gold 193         SH  0     Dex 13      Spells:  0 memorised,  6 levels left

rFire  . . .     SeeInvis +     b - +1 bow
rCold  . . .     Clarity  .     v - +0 leather armour
rNeg   . . .     Conserve .     (no shield)
rPois  .         rCorr    .     (helmet restricted)
rElec  .         rRot     .     p - -1 cloak
SustAb . .       Spirit   +     (no gloves)
rMut   .         Warding  .     (no boots)
Saprov . . .     Stasis   .     (no amulet)
MR     +....                    s - ring of protection from magic {unknown}
                                m - ring of see invisible

@: somewhat resistant to hostile enchantments, unstealthy
A: antennae 1, thin metallic scales 2, demonic guardian 1, magic shield
a: no special abilities


You were on level 5 of the Dungeon.
You were near starving.

You visited 1 branch of the dungeon, and saw 5 of its levels.

You collected 193 gold pieces.

Inventory:

Hand weapons
 a - a +1,-4 dagger of venom
 b - a +1,+1 bow (weapon)
 g - a +1,+0 dagger
 i - a cursed +0,+0 short sword
 w - a +0,+0 long sword
 y - a +1,+2 vampiric dagger
Missiles
 h - 6 arrows of dispersal
 F - 17 arrows (quivered)
Armour
 l - a +0 elven ring mail
 p - a -1 cloak (worn)
 v - a +0 leather armour (worn)
 z - a +3 orcish leather armour
 D - a +0 helmet
Comestibles
 f - 4 bread rations
 o - a pear
 q - a meat ration
 t - a snozzcumber
 u - 2 chunks of goblin flesh
Scrolls
 d - 2 scrolls of teleportation
 j - a scroll of recharging
 r - a scroll of noise
Jewellery
 c - an uncursed ring of protection from magic {unknown}
 m - a ring of see invisible (left hand)
 s - a ring of protection from magic (right hand) {unknown}
Potions
 e - 5 potions of curing
 k - a potion of resistance
 n - a potion of paralysis {unknown}
 B - a potion of magic {unknown}
Books
 x - a book of Minor Magic

   Spells                             Type                      Level
   Magic Dart                         Conjuration                  1
   Blink                              Translocation                2
   Call Imp                           Summoning                    2
   Repel Missiles                     Charms/Air                   2
   Slow                               Hexes                        2
   Conjure Flame                      Conjuration/Fire             3
   Mephitic Cloud                     Conjuration/Poison/Air       3


   Skills:
 - Level 1.0 Fighting
 * Level 8.4 Bows
 - Level 1.7 Dodging
 - Level 0.8 Stealth


You had 6 spell levels left.
You didn't know any spells.

Dungeon Overview and Level Annotations

Branches:
Dungeon (5/16)
 Temple: D:4-7

Altars:
Sif Muna


Innate Abilities, Weirdness & Mutations

You have a pair of small antennae on your head.
You are mostly covered in thin metallic scales (AC +3).
A weak demonic guardian rushes to your aid.
When hurt, damage is shared between your health and your magic reserves.


Message History

The jelly is severely wounded.
The jelly hits you but does no damage.
You hit the jelly but do no damage.
The jelly is severely wounded.
The jelly hits you.
* * * LOW HITPOINT WARNING * * *
You are splashed with acid!
The acid burns!
* * * LOW HITPOINT WARNING * * *
You hit the jelly but do no damage.
The jelly is severely wounded.
The jelly hits you but does no damage.
You hit the jelly but do no damage.
The jelly is severely wounded.
The jelly hits you but does no damage.
Your +1,-4 dagger of venom stops dripping with poison.
b - a +1,+1 bow (weapon)
The jelly hits you.
* * * LOW HITPOINT WARNING * * *
You are splashed with acid!
The acid burns!
You die...

#.# #.# ########.# #.# #........#
#.# #.######.# #.#
######.##.....# #..
#...##.##.###.#######.#
#.#.#...#.# #.........#
###########.#...>.>.# #..#..#####
.......#....#...@.#.# #.###..####
######...#######J#...##..#..#.#..
###....# ........<...##....
####.# ####...#.##.###.#.. #
#.##.###...##.. .##. ##.###[. #
#.# #.. #.####) #......


You could see a jelly.

Vanquished Creatures
  An ogre (D:5)
  An orc warrior (D:5)
  A jelly (D:5)
  4 hounds
  4 orc wizards
  An iguana (D:4)
  A worker ant (D:4)
  A sky beast zombie (D:3)
  A mummy (D:5)
  6 adders
  A giant mite (D:1)
  4 worms
  An adder zombie (D:3)
  3 giant geckos
  12 orcs
  A ball python (D:2)
  A bat zombie (D:3)
  2 giant cockroaches
  8 hobgoblins
  13 jackals
  3 quokkas
  12 bats
  2 giant newts
  13 goblins
  A hobgoblin skeleton (D:5)
  12 kobolds
  An orc skeleton (D:5)
  16 rats
127 creatures vanquished.

Vanquished Creatures (collateral kills)
  A crimson imp (D:4)
  A jackal (D:3)
2 creatures vanquished.

Vanquished Creatures (others)
  A quasit (D:5)
  2 crimson imps
  An iron imp (D:4)
  3 white imps
7 creatures vanquished.

Grand Total: 136 creatures vanquished

Notes
Turn   | Place    | Note
--------------------------------------------------------------
     0 | D:1      | Quh, the Demonspawn Hunter, began the quest for the Orb.
     0 | D:1      | Reached XP level 1. HP: 15/15 MP: 1/1
    90 | D:1      | Reached skill level 4 in Bows
   143 | D:1      | Gained mutation: A weak demonic guardian rushes to your aid. [demonic ancestry]
   143 | D:1      | Reached XP level 2. HP: 21/21 MP: 2/2
   708 | D:1      | HP: 1/21 [goblin/club (4)]
  1244 | D:2      | Gained mutation: You are partially covered in thin metallic scales (AC +2). [demonic ancestry]
  1244 | D:2      | Reached XP level 3. HP: 23/26 MP: 3/3
  2164 | D:3      | Reached skill level 5 in Bows
  2422 | D:3      | Gained mutation: When hurt, damage is shared between your health and your magic reserves. [demonic ancestry]
  2422 | D:3      | Reached XP level 4. HP: 20/32 MP: 4/4
  2869 | D:3      | Found a deep blue altar of Sif Muna.
  3470 | D:3      | Gained mutation: You are mostly covered in thin metallic scales (AC +3). [demonic ancestry]
  3470 | D:3      | Reached XP level 5. HP: 19/37 MP: 5/5
  3944 | D:3      | Reached skill level 6 in Bows
  5182 | D:4      | Reached XP level 6. HP: 34/43 MP: 4/6
  5687 | D:4      | Reached skill level 7 in Bows
  5709 | D:5      | Entered Level 5 of the Dungeon
  5985 | D:5      | Gained mutation: You have a pair of small antennae on your head. [demonic ancestry]
  5985 | D:5      | Reached XP level 7. HP: 5/48 MP: 1/7
  6039 | D:5      | Reached skill level 8 in Bows
  6706 | D:5      | Splashed by a jelly's acid

Action                   |  1- 3 |  4- 6 |  7- 9 || total
-------------------------+-------+-------+-------++-------
Melee: Short sword       |    73 |       |       ||    73
       Dagger            |   126 |   392 |    58 ||   576
       Long sword        |       |     8 |       ||     8
 Fire: Bow               |    18 |    72 |    30 ||   120
  Use: Scroll            |     5 |     3 |     3 ||    11
       Potion            |       |     1 |       ||     1
 Stab: Sleeping          |     1 |       |       ||     1
